 Dungeon Crawl Stone Soup version 0.27-a0-1149-g4505690ab0 (webtiles) character file.

Game seed: 10499783163632701526

343 leviel the Magician (level 6, -6/41 HPs)
             Began as a Djinni Air Elementalist on May 14, 2021.
             Killed from afar by a white imp (13 damage)
             ... with a puff of frost
             ... summoned by Eustachio
             ... on level 4 of the Dungeon.
             The game lasted 00:07:18 (5162 turns).

leviel the Magician (Djinni Air Elementalist)       Turns: 5162, Time: 00:07:19

Health: -6/41      AC:  2    Str:  7    XL:     6   Next: 88%
Gold:   268        EV: 13    Int: 19    God:
                   SH:  0    Dex: 13

rFire    + + .     SeeInvis .   l - staff of conjuration
rCold    x . .     Faith    .   (no shield)
rNeg     . . .     Spirit   .   a - +0 robe
rPois    ∞         Reflect  .   (no helmet)
rElec    .         Harm     .   (no cloak)
rCorr    .         Rampage  .   (no gloves)
Will     .....                  (boots unavailable)
Stlth    ++........             (no amulet)
HPRegen  0.13/turn              (no ring)
MPRegen  0.00/turn              (no ring)

@: flying
A: sickness immunity, fire resistance 2, cold vulnerability 1, float, innate
caster, hp casting, extra vitality 1
a: no special abilities


You were on level 4 of the Dungeon.
You visited 1 branch of the dungeon, and saw 4 of its levels.

You collected 268 gold pieces.

Inventory:

Armour
 a - a +0 robe (worn)
Magical Staves
 l - a staff of conjuration (weapon)
Jewellery
 e - a ring of protection from fire
Wands
 b - a wand of paralysis (5)
Scrolls
 c - 2 scrolls of identify {unknown}
 d - a scroll of noise {unknown}
 f - a scroll of magic mapping {unknown}
 i - a scroll of immolation {unknown}
 j - a scroll of vulnerability {unknown}
Potions
 g - a potion of heal wounds {unknown}
 h - a potion of degeneration {unknown}
 k - a potion of might {unknown}
 m - 2 potions of mutation {unknown}
 n - a potion of haste {unknown}


   Skills:
 + Level 0.6 Fighting
 + Level 3.1 Dodging
 + Level 3.0 Stealth
 + Level 4.6 Spellcasting
 + Level 0.3 Evocations


You couldn't memorise any spells.
You knew the following spells:

 Your Spells              Type           Power      Damage    Failure   Level
a - Shock                 Conj/Air       100%       1d9       1%          1
b - Static Discharge      Conj/Air       33%        N/A       2%          2
c - Swiftness             Air            22%        N/A       5%          3
d - Airstrike             Air            11%        N/A       19%         4
e - Lightning Bolt        Conj/Air       16%        1d30      45%         5
f - Beastly Appendage     Tmut           44%        N/A       1%          1
g - Corpse Rot            Necr/Air       N/A        N/A       2%          2
Your spell library was empty.

Dungeon Overview and Level Annotations

Branches:
Dungeon (4/15)
 Temple: D:4-7

Altars:
Gozag

Annotations:
D:3 3 runed translucent doors, Pooter's ghost, amateur MiMo
D:4 Eustachio


Innate Abilities, Weirdness & Mutations

You are immune to sickness and miasma.
You are immune to poison.
Your flesh is very heat resistant. (rF++)
You are vulnerable to cold. (rC-)
You float through the air rather than walking.
You learn spells naturally, not from books.
Your magical power is your life essence.
You have superior vitality. (+4 HP)


Message History

Found a leather armour.
A hobgoblin comes into view.
A hobgoblin is nearby!
You feel a surge of power!
The zap hits the hobgoblin!
You kill the hobgoblin!
You can't see any susceptible monsters within range! (Use Z to cast anyway.)
You can't see any susceptible monsters within range! (Use Z to cast anyway.)
You can't see any susceptible monsters within range! (Use Z to cast anyway.)
m - 2 grey potions (gained 1) Eustachio the Magnificent comes into view.
He is wielding a +0 falchion.
Eustachio is nearby!
Eustachio is nearby!
You feel a surge of power!
The zap hits Eustachio.
Eustachio is lightly wounded.
Eustachio shouts!
The zap hits Eustachio!
Eustachio is heavily wounded.
You feel a surge of power!
The zap hits Eustachio.
Eustachio is heavily wounded.
Eustachio mumbles some strange words.
You feel a surge of power!
The zap hits the white imp.
The white imp is moderately wounded.
The white imp hits you. The white imp freezes you.
You feel a terrible chill!
You feel a surge of power!
The zap misses Eustachio.
The zap hits the shadow imp.
The shadow imp is moderately wounded.
Eustachio closely misses you. The white imp gestures at you.
The puff of frost hits you!
You feel a terrible chill! The white imp gestures at you.
The puff of frost hits you!
You feel a terrible chill!
* * * LOW HITPOINT WARNING * * *
Eustachio hits you with a +0 falchion.
* * * LOW HITPOINT WARNING * * *
Eustachio mumbles some strange words.
The shadow imp laughs crazily.
The white imp lashes its tail.
The white imp gestures at you. The puff of frost hits you!
You feel a terrible chill!
You die...

#.#. #...##.# #.#.
#####....... ... ..........
#####.##### #......... ##
..........###........# ..
.#####..#..........#.##.###
.### #.P#####..#...#..5...#
....##.♣.# #...#####@##.#.#
.........# #....@..5.#
.##.#.P..# #...#####.♣#♣#♣#
.......P## #...# #......#
....#..## #...# #.♣.♣.♣#
..###..#####...######....#
.####...(.............#♣.♣
..<.....†................#
.#####...................#
#######...######....#


You could see Eustachio and a white imp (summoned).

Vanquished Creatures
  Sigmund (D:3)
  A phantom (D:4)
  3 gnolls (D:2)
  An adder (D:2)
  A worm (D:3)
  A dart slug (D:2)
  4 orcs (D:3)
  8 ball pythons
  5 endoplasms
  A giant cockroach (D:2)
  4 hobgoblins
  6 jackals (D:1)
  5 kobolds
  4 quokkas
  4 bats
  2 frilled lizards (D:1)
  9 goblins
  9 rats
69 creatures vanquished.

Vanquished Creatures (others)
  A plant (D:4)
1 creature vanquished.

Grand Total: 70 creatures vanquished

Notes
Turn   | Place    | Note
-------+----------+-------------------------------------------
     0 | D:1      | leviel the Djinni Air Elementalist began the quest for the
                  | Orb.
     0 | D:1      | Reached XP level 1. HP: 15/15 MP: 0/0
    20 | D:1      | Found a faded altar of an unknown god.
   173 | D:1      | Reached XP level 2. HP: 10/21 MP: 0/0
   624 | D:1      | Reached skill level 3 in Spellcasting
   880 | D:1      | Reached XP level 3. HP: 24/25 MP: 0/0
   880 | D:1      | Learned a level 1 spell: Beastly Appendage
  2319 | D:2      | Reached XP level 4. HP: 26/31 MP: 0/0
  3693 | D:3      | Reached XP level 5. HP: 33/35 MP: 0/0
  3693 | D:3      | Learned a level 2 spell: Corpse Rot
  3971 | D:3      | Noticed Sigmund
  4064 | D:3      | Killed Sigmund
  4065 | D:3      | Reached skill level 4 in Spellcasting
  4065 | D:3      | Reached XP level 6. HP: 21/41 MP: 0/0
  4709 | D:3      | Found an opulent altar of Gozag.
  4841 | D:3      | Found a runed translucent gate.
  4841 | D:3      | Found a runed translucent gate.
  4841 | D:3      | Found a runed translucent gate.
  4842 | D:3      | Noticed Pooter's ghost (amateur MiMo)
  5153 | D:4      | Noticed Eustachio
  5162 | D:4      | Killed from afar by a white imp

Illustrated notes

Levels and vault maps discovered:
D:1:      mrwooster_arrival_statue, layout_basic,
          hellmonk_ecumenical_altar_lost_god, minmay_indecisive_spiral
D:2:      layout_basic
D:3:      minmay_general_purpose_star, layout_basic,
          nicolae_gozag_cash_rules_everything_around_me,
          ebering_ghost_rock_garden, serial_bayou_crossing, uniq_sigmund
D:4:      layout_loops_cross, minmay_temple_entry_overgrown, serial_forest,
          infiniplex_forest_zigzag_1, infiniplex_forest_straight_2,
          infiniplex_forest_lined_corner, infiniplex_forest_pool,
          infiniplex_forest_clump_medium, infiniplex_forest_clump_tiny,
          infiniplex_forest_straight_1, uniq_eustachio

Skill      XL: |  1  2  3  4  5  6 |
---------------+-------------------+-----
Spellcasting   | 3 4 |  4.6
Stealth        | 2 3 |  3.0
Dodging        | 3 |  3.1
Fighting       | |  0.6
Evocations     | |  0.3

Action                   |  1- 3 |  4- 6 || total
-------------------------+-------+-------++-------
 Cast: Shock             |    87 |    85 ||   172
       Static Discharge  |       |     3 ||     3
       Swiftness         |       |     1 ||     1
       Airstrike         |       |     1 ||     1
Evoke: Wand              |       |     2 ||     2
Armor: Robe              |     9 |     2 ||    11
Dodge: Dodged            |    23 |    15 ||    38

Table legend: (Time is in decaauts)
 A = Elapsed time spent in this place.
 B = Non-inter-level travel time spent in this place.
 C = Inter-level travel time spent in this place.
 D = Time resting spent in this place.
 E = Time spent auto-exploring this place.
 F = Levels seen in this place.
 G = Mean time per level.
                   A        B        C        D        E       F      G
               +--------+--------+--------+--------+--------+-----+--------+
         Total |   5160 |   5077 |     83 |   1079 |   3608 |   4 | 1290.0 |
       Dungeon |   5160 |   5077 |     83 |   1079 |   3608 |   4 | 1290.0 |
               +--------+--------+--------+--------+--------+-----+--------+

Top non-repeatable levels by time:
     D:2: 1868 daAuts
     D:1: 1671 daAuts
     D:3: 1406 daAuts
     D:4: 214 daAuts
